 Dungeon Crawl Stone Soup version 0.22-a0-278-g8f80174 (webtiles) character file.

644 tidbits the Firebug (level 7, 7/51 HPs)
             Began as a Gnoll Fire Elementalist on Mar 15, 2018.
             Quit the game on level 7 of the Dungeon.
             The game lasted 00:10:45 (1039 turns).

tidbits the Firebug (Gnoll Fire Elementalist)       Turns: 1039, Time: 00:10:46

Health: 7/51       AC:  2    Str: 10    XL:     7   Next: 52%
Magic:  7/15       EV: 15    Int: 19    God:
Gold:   53         SH:  0    Dex: 16    Spells: 4/17 levels left

rFire    . . .     SeeInvis .   a - +0 whip (drain)
rCold    . . .     Gourm    .   (no shield)
rNeg     . . .     Faith    .   h - +0 robe
rPois    .         Spirit   .   (no helmet)
rElec    .         Reflect  .   (no cloak)
rCorr    .         Harm     .   (no gloves)
MR       .....                  (no boots)
Stlth    +++.......             (no amulet)
HPRegen  0.17/turn              Y - +2 ring of slaying
MPRegen  0.14/turn              (no ring)

@: no status effects
A: distributed training, fangs 1, strong nose
a: no special abilities


You were on level 7 of the Dungeon.
You were hungry.

You visited 1 branch of the dungeon, and saw 7 of its levels.

You collected 233 gold pieces.
You spent 180 gold pieces at shops.

Inventory:

Hand Weapons
 a - a +0 whip of draining (weapon)
   (You took it off a kobold on level 1 of the Dungeon)
 b - a +0 dagger
 j - a +0 blowgun
 m - a +0 shortbow
 q - a +0 long sword
Missiles
 d - 2 stones (quivered)
 i - 7 poisoned needles
 n - 41 arrows
Armour
 f - a cursed +0 ring mail
 h - a +0 robe (worn)
Jewellery
 Y - a +2 ring of slaying (left hand)
   (You found it on level 1 of the Dungeon)
Wands
 o - a wand of paralysis (27)
Scrolls
 e - 2 scrolls of identify
 k - a scroll of random uselessness
 l - 5 scrolls of teleportation
 r - 3 scrolls of remove curse
 s - a scroll of torment {unknown}
Potions
 g - a potion of curing
 p - a potion of flight {unknown}
Comestibles
 c - 5 rations


   Skills:
 + Level 2.5 Fighting
 + Level 2.5 Short Blades
 + Level 2.5 Long Blades
 + Level 2.5 Axes
 + Level 2.5 Maces & Flails
 + Level 2.5 Polearms
 + Level 2.5 Staves
 + Level 2.5 Slings
 + Level 2.5 Bows
 + Level 2.5 Crossbows
 + Level 2.5 Throwing
 + Level 2.5 Armour
 + Level 5.2 Dodging
 + Level 4.9 Stealth
 + Level 2.5 Shields
 + Level 2.5 Unarmed Combat
 + Level 5.6 Spellcasting
 + Level 3.0 Conjurations
 + Level 2.0 Hexes
 + Level 2.0 Charms
 + Level 2.0 Summonings
 + Level 2.0 Necromancy
 + Level 2.0 Translocations
 + Level 2.0 Transmutations
 + Level 5.8 Fire Magic
 + Level 2.0 Ice Magic
 + Level 2.0 Air Magic
 + Level 2.0 Earth Magic
 + Level 2.0 Poison Magic
 + Level 2.7 Invocations
 + Level 2.5 Evocations


You had 4 spell levels left.
You knew the following spells:

 Your Spells              Type           Power        Failure   Level  Hunger
a - Flame Tongue          Conj/Fire      ###..        1%          1    None
b - Sticky Flame          Conj/Fire      ###.....     19%         4    ####...
c - Conjure Flame         Conj/Fire      ###.....     5%          3    ##.....
j - Throw Flame           Conj/Fire      ###...       2%          2    None
r - Regeneration          Chrm/Necr      ##........   16%         3    ##.....


Dungeon Overview and Level Annotations

Branches:
Dungeon (7/15)
 Temple: D:4-7

Altars:
Fedhas
Makhleb
Okawaru
Ru
Vehumet
Wu Jian
The Shining One

Shops:
D:4 (%   D:5 (   D:6 ?

Annotations:
D:5 Kavrick's ghost, novice DsFi; Sigmund


Innate Abilities, Weirdness & Mutations

Your experience applies equally to all skills.
You have very sharp teeth.
Your uncanny sense of smell can sniff out nearby items.


Message History

The orc warrior is almost dead.
Casting: Flame Tongue (safe; 1% risk of failure)
Confirm with . or Enter, or press ? or * to list all spells.
Aiming: Flame Tongue (safe; 1% risk of failure)
Press: ? - help, Shift-Dir - straight line, f/p - orc warrior
Aim: an orc warrior, wielding a scimitar and wearing a plate armour (almost dead)
The flame tongue hits the orc warrior.
The orc warrior appears unharmed.
The orc warrior is almost dead.
Casting: Flame Tongue (safe; 1% risk of failure)
Confirm with . or Enter, or press ? or * to list all spells.
Aiming: Flame Tongue (safe; 1% risk of failure)
Press: ? - help, Shift-Dir - straight line, f/p - orc warrior
Aim: an orc warrior, wielding a scimitar and wearing a plate armour (almost dead)
The flame tongue hits the orc warrior.
You kill the orc warrior!
Your Hexes skill increases to level 2!
Your Charms skill increases to level 2!
Your Summonings skill increases to level 2!
Your Necromancy skill increases to level 2!
Your Translocations skill increases to level 2!
Your Transmutations skill increases to level 2!
Your Ice Magic skill increases to level 2!
Your Air Magic skill increases to level 2!
Your Earth Magic skill increases to level 2!
Your Poison Magic skill increases to level 2!
Casting: Flame Tongue (safe; 1% risk of failure)
Confirm with . or Enter, or press ? or * to list all spells.
Aiming: Flame Tongue (safe; 1% risk of failure)
Press: ? - help, Shift-Dir - straight line, f - worker ant
Aim: a worker ant The flame tongue misses the worker ant.
The orc shouts!
You hear an angry hiss.
Casting: Flame Tongue (safe; 1% risk of failure)
Confirm with . or Enter, or press ? or * to list all spells.
Aiming: Flame Tongue (safe; 1% risk of failure)
Press: ? - help, Shift-Dir - straight line, f/p - worker ant
Aim: a worker ant The flame tongue hits the worker ant.
The worker ant appears unharmed.
The worker ant closely misses you.
You hit the worker ant but do no damage.
Your bite misses the worker ant. The worker ant closely misses you.
You hit the worker ant but do no damage.
You drain the worker ant! You punch the worker ant.
Your bite misses the worker ant.
The worker ant is moderately wounded.
The worker ant bites you.
You hit the worker ant. Your punch misses the worker ant.
The worker ant is heavily wounded.
The worker ant closely misses you.
A sky beast comes into view.
You hit the worker ant. You drain the worker ant!
You kill the worker ant!
Your Conjurations skill increases to level 3!
You barely miss the orc. The orc hits you with a whip.
You hit the orc.
The orc is heavily wounded.
The orc closely misses you.
You hit the orc but do no damage.
The orc is heavily wounded.
The orc hits you with a whip!
You hit the orc but do no damage. You drain the orc!
The orc is almost dead.
The orc hits you with a whip.
You hit the orc.
You kill the orc!
You hit the orc.
The orc is heavily wounded.
The orc hits you with a club.
You hit the orc.
You kill the orc!
You barely miss the sky beast. The sky beast hits you.
The sky beast shocks you.
You closely miss the sky beast. The sky beast hits you.
The sky beast shocks you.
* * * LOW HITPOINT WARNING * * *
You hit the sky beast but do no damage. You drain the sky beast!
The sky beast is lightly wounded.
The sky beast flickers out of sight!
Something hits you.
* * * LOW HITPOINT WARNING * * *
Something shocks you.
* * * LOW HITPOINT WARNING * * *
A leopard gecko comes into view.
The helpless leopard gecko fails to defend itself.
You whack the leopard gecko!
You kill the leopard gecko!
Something barely misses you.
Found a radiant altar of Vehumet.
Unknown command.
A hobgoblin comes into view.
Something closely misses you.
The hobgoblin shouts!
The hobgoblin zaps a wand.
The puff of flame hits you!
* * * LOW HITPOINT WARNING * * *
It is a wand of flame (15).
Found an escape hatch in the floor.
A sky beast appears from thin air!
The hobgoblin zaps a wand.
The puff of flame hits you!
* * * LOW HITPOINT WARNING * * *
Found a stone staircase leading down.
Are you sure you want to abandon this character and quit the game? (Confirm with "yes".)

#.#.###.## #.#.##.#
#........# #)#... ..
#....#...# #)#.##...
#........######<..o...#
##.#._.#..........#...#
#.......######........
#.Yg#...# #.........
#.......#####.........
###..@........##.##...
#....>###### #.# #..
##....# #.# .. ##...#
.. . ....# #.#.# #.#.#
#.#>.


You could see a sky beast and a hobgoblin.

Vanquished Creatures
  An orc warrior (D:7)
  A centaur (D:6)
  An ogre (D:5)
  A scorpion (D:5)
  A crimson imp (D:6)
  A hound (D:6)
  A bullfrog skeleton (D:6)
  A centaur skeleton (D:6)
  An orc priest (D:6)
  An orc wizard (D:5)
  3 worker ants
  3 adders
  A shadow imp (D:5)
  An adder zombie (D:6)
  2 dart slugs
  4 leopard geckos
  8 orcs
  A ball python (D:5)
  2 bats (D:2)
  4 giant cockroaches
  3 goblins
  4 hobgoblins
  A quokka (D:6)
  A frilled lizard (D:3)
  A jackal skeleton (D:6)
  3 kobolds
52 creatures vanquished.

Notes
Turn   | Place    | Note
-------+----------+-------------------------------------------
     0 | D:1      | tidbits the Gnoll Fire Elementalist began the quest for the Orb.
     0 | D:1      | Reached XP level 1. HP: 13/13 MP: 6/6
    86 | D:1      | Reached skill level 2 in Conjurations
    88 | D:1      | Reached XP level 2. HP: 19/19 MP: 4/7
    96 | D:1      | Learned a level 2 spell: Throw Flame
   181 | D:2      | Reached XP level 3. HP: 25/25 MP: 1/9
   186 | D:2      | Reached skill level 5 in Spellcasting
   315 | D:3      | Found an ornate altar of the Wu Jian Council.
   341 | D:4      | Found Ejaisu Wesi's Antique Weapon Boutique.
   364 | D:4      | Found Zopukh's Food Emporium.
   395 | D:4      | Reached skill level 1 in Invocations
   399 | D:5      | Entered Level 5 of the Dungeon
   412 | D:5      | Found a sacrificial altar of Ru.
   424 | D:5      | HP: 2/25 [orc wizard/dagger (4)]
   426 | D:5      | Reached skill level 1 in Fighting
   426 | D:5      | Reached skill level 1 in Short Blades
   426 | D:5      | Reached skill level 1 in Long Blades
   426 | D:5      | Reached skill level 1 in Axes
   426 | D:5      | Reached skill level 1 in Maces & Flails
   426 | D:5      | Reached skill level 1 in Polearms
   426 | D:5      | Reached skill level 1 in Staves
   426 | D:5      | Reached skill level 1 in Slings
   426 | D:5      | Reached skill level 1 in Bows
   426 | D:5      | Reached skill level 1 in Crossbows
   426 | D:5      | Reached skill level 1 in Throwing
   426 | D:5      | Reached skill level 1 in Armour
   426 | D:5      | Reached skill level 1 in Shields
   426 | D:5      | Reached skill level 1 in Unarmed Combat
   426 | D:5      | Reached skill level 1 in Evocations
   426 | D:5      | Reached XP level 4. HP: 14/32 MP: 3/11
   441 | D:5      | Noticed Kavrick's ghost (novice DsFi)
   455 | D:5      | Noticed Sigmund
   476 | D:5      | Found Ycsigen's Antique Weapon Shop.
   487 | D:5      | Reached skill level 1 in Hexes
   487 | D:5      | Reached skill level 1 in Charms
   487 | D:5      | Reached skill level 1 in Summonings
   487 | D:5      | Reached skill level 1 in Necromancy
   487 | D:5      | Reached skill level 1 in Translocations
   487 | D:5      | Reached skill level 1 in Transmutations
   487 | D:5      | Reached skill level 1 in Ice Magic
   487 | D:5      | Reached skill level 1 in Air Magic
   487 | D:5      | Reached skill level 1 in Earth Magic
   487 | D:5      | Reached skill level 1 in Poison Magic
   495 | D:5      | Found an iron altar of Okawaru.
   532 | D:6      | Reached XP level 5. HP: 26/37 MP: 9/12
   541 | D:5      | Noticed an ogre
   546 | D:5      | Killed an ogre
   546 | D:5      | Reached XP level 6. HP: 33/44 MP: 3/13
   572 | D:5      | Reached skill level 2 in Invocations
   584 | D:5      | Found a glowing golden altar of the Shining One.
   584 | D:5      | Found a burning altar of Makhleb.
   585 | D:5      | Found a blossoming altar of Fedhas.
   637 | D:5      | Learned a level 3 spell: Conjure Flame
   642 | D:5      | Learned a level 4 spell: Sticky Flame
   657 | D:6      | HP: 1/44 [centaur (6)]
   658 | D:6      | Reached skill level 2 in Fighting
   658 | D:6      | Reached skill level 2 in Short Blades
   658 | D:6      | Reached skill level 2 in Long Blades
   658 | D:6      | Reached skill level 2 in Axes
   658 | D:6      | Reached skill level 2 in Maces & Flails
   658 | D:6      | Reached skill level 2 in Polearms
   658 | D:6      | Reached skill level 2 in Staves
   658 | D:6      | Reached skill level 2 in Slings
   658 | D:6      | Reached skill level 2 in Bows
   658 | D:6      | Reached skill level 2 in Crossbows
   658 | D:6      | Reached skill level 2 in Throwing
   658 | D:6      | Reached skill level 2 in Armour
   658 | D:6      | Reached skill level 5 in Dodging
   658 | D:6      | Reached skill level 2 in Shields
   658 | D:6      | Reached skill level 2 in Unarmed Combat
   658 | D:6      | Reached skill level 2 in Evocations
   767 | D:6      | Learned a level 3 spell: Regeneration
   826 | D:6      | Reached XP level 7. HP: 36/50 MP: 5/15
   846 | D:6      | Found Ybus's Magic Scroll Shop.
   861 | D:6      | Bought a scroll of teleportation for 36 gold pieces
   862 | D:6      | Bought a scroll of identify for 24 gold pieces
   862 | D:6      | Bought a scroll of teleportation for 36 gold pieces
   862 | D:6      | Bought a scroll of teleportation for 36 gold pieces
   862 | D:6      | Bought a scroll of random uselessness for 12 gold pieces
   862 | D:6      | Bought a scroll of teleportation for 36 gold pieces
   999 | D:7      | Reached skill level 2 in Hexes
   999 | D:7      | Reached skill level 2 in Charms
   999 | D:7      | Reached skill level 2 in Summonings
   999 | D:7      | Reached skill level 2 in Necromancy
   999 | D:7      | Reached skill level 2 in Translocations
   999 | D:7      | Reached skill level 2 in Transmutations
   999 | D:7      | Reached skill level 2 in Ice Magic
   999 | D:7      | Reached skill level 2 in Air Magic
   999 | D:7      | Reached skill level 2 in Earth Magic
   999 | D:7      | Reached skill level 2 in Poison Magic
  1005 | D:7      | Reached skill level 3 in Conjurations
  1025 | D:7      | Found a radiant altar of Vehumet.
  1039 | D:7      | Quit the game

Vault maps used:
D:1:      sevenhm_arrival_forest_fort_large_4, tso_metal_star
D:2:      lemuel_round_altar, kennysheep_generic_room_6
D:3:      marbit_many_paths
D:4:      cheibrodos_helix_gallery, kiku_gazebo_pond_becter, serial_shops,
          kennysheep_mini_moat, shop, shop, saegor_snake_ambush, uniq_robin,
          uniq_edmund
D:5:      minitemple, lemuel_round_altar, nicolae_ru_great_annihilating_truth,
          first_ration, serial_shops, shop_statue, uniq_sigmund
D:6:      serial_shops, shop_fountains, corexii_leaking_fountain
D:7:      cheibrodos_fzero, vehumet_altar_wand_db,
          minmay_temple_entry_statues_fountains, serial_shops, shop_coins

Skill      XL: |  1  2  3  4  5  6  7 |
---------------+----------------------+-----
Conjurations   | 2 3 |  3.0
Spellcasting   | 5 |  5.6
Invocations    | 1 2 |  2.7
Fighting       | 1 2 |  2.5
Short Blades   | 1 2 |  2.5
Long Blades    | 1 2 |  2.5
Axes           | 1 2 |  2.5
Maces & Flails | 1 2 |  2.5
Polearms       | 1 2 |  2.5
Staves         | 1 2 |  2.5
Slings         | 1 2 |  2.5
Bows           | 1 2 |  2.5
Crossbows      | 1 2 |  2.5
Throwing       | 1 2 |  2.5
Armour         | 1 2 |  2.5
Shields        | 1 2 |  2.5
Unarmed Combat | 1 2 |  2.5
Evocations     | 1 2 |  2.5
Hexes          | 1 2 |  2.0
Charms         | 1 2 |  2.0
Summonings     | 1 2 |  2.0
Necromancy     | 1 2 |  2.0
Translocations | 1 2 |  2.0
Transmutations | 1 2 |  2.0
Ice Magic      | 1 2 |  2.0
Air Magic      | 1 2 |  2.0
Earth Magic    | 1 2 |  2.0
Poison Magic   | 1 2 |  2.0
Dodging        | 5 |  5.2
Stealth        | |  4.9
Fire Magic     | |  5.8

Action                   |  1- 3 |  4- 6 |  7- 9 || total
-------------------------+-------+-------+-------++-------
Melee: Whip              |    26 |    20 |    24 ||    70
       Bite              |     4 |     2 |     2 ||     8
       Dagger            |     3 |     3 |       ||     6
       Punch             |       |     1 |     1 ||     2
Throw: Stone             |       |       |     1 ||     1
 Cast: Flame Tongue      |    19 |    26 |    16 ||    61
       Throw Flame       |     3 |     3 |       ||     6
       Regeneration      |       |     2 |     1 ||     3
       Conjure Flame     |       |     1 |     3 ||     4
  Use: Scroll            |     3 |       |     1 ||     4
       Potion            |     1 |     1 |       ||     2
 Stab: Sleeping          |     4 |     3 |     1 ||     8
Armor: Robe              |     2 |     2 |     1 ||     5
Dodge: Dodged            |    19 |    20 |     9 ||    48

Table legend:
 A = Spawn XP
 B = Non-spawn XP
 C = Spawn XP percentage of total XP
 D = Spawn monster count
 E = Non-spawn monster count
 F = Spawn count percentage of total count
 G = Total turns spent on level
                    A         B        C        D         E        F      G
               +---------+---------+-------+---------+---------+-------+---------
         Total |       0 |     920 |   0.0 |       0 |      52 |   0.0 |  1039
               +---------+---------+-------+---------+---------+-------+---------
           D:1 |       0 |      16 |   0.0 |       0 |       7 |   0.0 |   124
           D:2 |       0 |      31 |   0.0 |       0 |       9 |   0.0 |   128
           D:3 |       0 |       2 |   0.0 |       0 |       2 |   0.0 |    89
           D:4 |       0 |       9 |   0.0 |       0 |       3 |   0.0 |    58
           D:5 |       0 |     288 |   0.0 |       0 |      10 |   0.0 |   237
           D:6 |       0 |     396 |   0.0 |       0 |      15 |   0.0 |   344
           D:7 |       0 |     178 |   0.0 |       0 |       6 |   0.0 |    59
               +---------+---------+-------+---------+---------+-------+---------

Table legend:
 A = Turns spent in this place as a percentage of turns spent in the entire game.
 B = Non-inter-level travel turns spent in this place as a percentage of non-inter-level travel turns spent in the entire game.
 C = Inter-level travel turns spent in this place as a percentage of turns spent in this place.
 D = Turns resting spent in this place as a percentage of non-inter-level travel turns spent in this place.
 E = Turns spent auto-exploring this place as a percentage of non-inter-level travel turns spent in this place.
 F = Non-inter-level travel turns spent in this place divided by the number of levels of this place that you've seen.
                   A       B       C       D       E      F
               +-------+-------+-------+-------+-------+----------------------
         Total | 100.0 | 100.0 |   2.0 |   0.0 |   0.0 | 145.4
       Dungeon | 100.0 | 100.0 |   2.0 |   0.0 |   0.0 | 145.4
               +-------+-------+-------+-------+-------+----------------------

Table legend:
 A = Kills in this place as a percentage of kills in entire the game.
 B = Kills by you in this place as a percentage of kills by you in the entire game.
 C = Kills by friends in this place as a percentage of kills by friends in the entire game.
 D = Other kills in this place as a percentage of other kills in the entire game.
 E = Experience gained in this place as a percentage of experience gained in the entire game.
 F = Experience gained in this place divided by the number of levels of this place that you have seen.
                   A       B       C       D       E      F
               +-------+-------+-------+-------+-------+----------------------
         Total | 100.0 | 100.0 |   N/A |   N/A | 100.0 | 131.4
       Dungeon | 100.0 | 100.0 |   N/A |   N/A | 100.0 | 131.4
               +-------+-------+-------+-------+-------+----------------------

Vault maps used:
D:1:      sevenhm_arrival_forest_fort_large_4, tso_metal_star
D:2:      lemuel_round_altar, kennysheep_generic_room_6
D:3:      marbit_many_paths
D:4:      cheibrodos_helix_gallery, kiku_gazebo_pond_becter, serial_shops,
          kennysheep_mini_moat, shop, shop, saegor_snake_ambush, uniq_robin,
          uniq_edmund
D:5:      minitemple, lemuel_round_altar, nicolae_ru_great_annihilating_truth,
          first_ration, serial_shops, shop_statue, uniq_sigmund
D:6:      serial_shops, shop_fountains, corexii_leaking_fountain
D:7:      cheibrodos_fzero, vehumet_altar_wand_db,
          minmay_temple_entry_statues_fountains, serial_shops, shop_coins
